 Dungeon Crawl Stone Soup version 0.17-a0-1769-g54adf96 (webtiles) character file.

13 4thArraOfDagon the Grave Robber (level 2, -5/13 HPs)
             Began as a Vine Stalker Necromancer on Sept 7, 2015.
             Slain by a gnoll
             ... wielding a +0 halberd
              (8 damage)
             ... on level 3 of the Dungeon.
             The game lasted 00:02:33 (492 turns).

4thArraOfDagon the Grave Robber (VSNe)               Turns: 492, Time: 00:02:33

Health: -5/13      AC:  2    Str: 10    XL:     2   Next: 37%
Magic:  0/6        EV: 12    Int: 15    God:
Gold:   33         SH:  0    Dex: 14    Spells: 1 memorised, 5 levels left

rFire  . . .     SeeInvis .     h - +0 dagger (drain)
rCold  . . .     Clarity  .     a - +0 robe
rNeg   . . .     SustAt   .     (no shield)
rPois  .         Gourm    .     (no helmet)
rElec  .         Spirit   +     (no cloak)
rCorr  .         Warding  .     (no gloves)
rMut   .         Rnd*Tele +     (no boots)
MR     .....                    (no amulet)
Stlth  ++........               (no ring)
                                j - ring of teleportation (curse)

@: not resistant to hostile enchantments, unstealthy
A: fangs 2, regeneration 1, magic shield, antimagic bite, no device heal 3, rot
immunity
a: Evoke Teleportation


You were on level 3 of the Dungeon.
You were not hungry.

You visited 1 branch of the dungeon, and saw 4 of its levels.

You collected 33 gold pieces.

Inventory:

Hand weapons
 f - a +0 spear
 h - a +0 dagger of draining (weapon)
Armour
 a - a +0 robe (worn)
Jewellery
 j - a cursed ring of teleportation (left hand)
Scrolls
 d - a scroll of noise
Books
 b - a book of Necromancy

   Spells                             Type                      Level
   a - Pain                           Necromancy                   1
   b - Animate Skeleton               Necromancy                   1
   c - Vampiric Draining              Necromancy                   3
   d - Regeneration                   Charms/Necromancy            3
   e - Animate Dead                   Necromancy                   4
   f - Control Undead                 Necromancy                   4
 e - a book of Power

   Spells                             Type                      Level
   a - Fulminant Prism                Conjuration/Hexes            4
   b - Iskenderun's Mystic Blast      Conjuration                  4
   c - Venom Bolt                     Conjuration/Poison           5
   d - Bolt of Magma                  Conjuration/Fire/Earth       5
   e - Iron Shot                      Conjuration/Earth            6
   f - Orb of Destruction             Conjuration                  7
   g - Spellforged Servitor           Conjuration/Summoning        7
Comestibles
 c - 2 bread rations


   Skills:
 - Level 1.5 Dodging
 - Level 2.4 Stealth
 + Level 2.5 Spellcasting
 * Level 4.4 Necromancy


You had 5 spell levels left.
You knew the following spells:

 Your Spells              Type           Power        Failure   Level  Hunger
a - Pain                  Necr           ###.         3%          1    #......


Dungeon Overview and Level Annotations

Branches:
Dungeon (4/15)
 Temple: D:4-7

Altars:
Kikubaaqudgha


Innate Abilities, Weirdness & Mutations

You have extremely sharp teeth.
Your natural rate of healing is unusually fast.
When hurt, damage is shared between your health and your magic reserves.
Your bite disrupts and absorbs the magic of your enemies.
Potions and wands cannot restore your health.
You are immune to rotting.


Message History

Unknown command.
Use which ability?
Okay, then.
The gnoll moves out of view.
The gnoll shouts!
You hear a shout!
You see here 5 large rocks.
A bat comes into view.
Unknown command.
Unknown command.
Use which ability?
You fail to use your ability.
Use which ability?
You fail to use your ability.
The gnoll hits you from afar with a halberd!
Ouch! That really hurt!
* * * LOW HITPOINT WARNING * * *
Unknown command.
The gnoll hits you from afar with a halberd!
Ouch! That really hurt!
You die...

... ##..†....##
##..#.# #
##.....## ##g#.#
##...## #.#.###.#
##'## #.....b.#
#.# ###g##### #.#
#.# ##.#### #.#
#.....# #g# #@#
#g# #.# #.#
#.###g#########.#
#........g.g....#
##.##############
#


You could see a gnoll.

Vanquished Creatures
  2 giant geckos
  A goblin (D:2)
  A hobgoblin (D:3)
  2 kobolds
  A quokka (D:4)
  A bat (D:1)
  A giant newt (D:1)
  2 rats
11 creatures vanquished.

Notes
Turn   | Place    | Note
--------------------------------------------------------------
     0 | D:1      | 4thArraOfDagon the Vine Stalker Necromancer began the quest for the Orb.
     0 | D:1      | Reached XP level 1. HP: 9/9 MP: 4/4
   109 | D:2      | Found an ancient bone altar of Kikubaaqudgha.
   290 | D:3      | Reached XP level 2. HP: 5/13 MP: 1/6
   379 | D:3      | Noticed a quasit
   492 | D:3      | Slain by a gnoll

Vault maps used:
D:1:      dpeg_arrival_boxes_within_box
D:2:      nicolae_overflow_hidden_temple, grunt_ministairs_3,
          minmay_item_behind_shaft, hangedman_decor_push, st_stairs_5,
          hangedman_decor_riveting
D:3:      grunt_temple_overflow_diamond, first_bread,
          hangedman_decor_diamond_cutter
D:4:      old_standard_altar, minmay_temple_entry_fiery,
          gup_sewer_entry_bubbles, kennysheep_generic_room_4

Action                   || total
-------------------------++-------
Melee: Dagger            ||    13
 Cast: Pain              ||     7
 Abil: Evoke Teleportati ||     1
  Use: Scroll            ||     2
 Stab: Sleeping          ||     1
